 Dungeon Crawl Stone Soup version 0.28-a0-1555-g9ae15a6949 (webtiles) character file.

Game seed: 1310687942830750401

1197 issech the Cudgeller (level 8, 0/78 HPs)
             Began as a Troll Fighter on Jan 18, 2022.
             Was an Initiate of Nemelex Xobeh.
             Succumbed to a water moccasin's poison
             ... on level 5 of the Dungeon.
             The game lasted 00:25:55 (4388 turns).

issech the Cudgeller (Troll Fighter)                Turns: 4388, Time: 00:25:55

Health: 0/78       AC:  4    Str: 33    XL:     8   Next: 20%
Magic:  16/16      EV:  9    Int:  4    God:    Nemelex Xobeh [......]
Gold:   308        SH:  8    Dex:  9    Spells: 7/7 levels left

rFire   . . .      SeeInvis .   a - +0 flail
rCold   . . .      Faith    .   c - +1 kite shield
rNeg    . . .      Spirit   .   b - +0 robe
rPois   .          Reflect  .   (helmet restricted)
rElec   .          Harm     .   (no cloak)
rCorr   .          Rampage  .   (gloves unavailable)
Will    .....                   (boots unavailable)
Stlth   +.........              (no amulet)
HPRegen 1.03/turn               q - ring of magical power
MPRegen 0.15/turn               B - +6 ring of strength

@: lethally poisoned (0 -> -4), hasted, very quick
A: large, unfitting armour, claws 3, regeneration 1, shaggy fur 1, tough skin 1
a: Renounce Religion, Draw Escape, Draw Destruction, Draw Summoning


You were on level 5 of the Dungeon.
You worshipped Nemelex Xobeh.
Nemelex Xobeh was noncommittal.
You visited 1 branch of the dungeon, and saw 5 of its levels.
You also visited: Ossuary.

You collected 308 gold pieces.

Inventory:

Hand Weapons
 a - a +0 flail (weapon)
 o - a +0 hunting sling
 p - a +0 whip
 s - a +0 short sword
 u - a +0 giant club
 v - a +0 club
 w - a +0 mace
 y - a +0 mace
 D - a +0 hand axe
 J - a +0 spear
Missiles
 d - 55 bolts
 f - 153 stones
 m - 41 sling bullets
 z - 4 large rocks (quivered)
 C - 26 arrows
 E - 2 boomerangs
Armour
 b - a +0 robe (worn)
 c - a +1 kite shield (worn)
 i - a +0 barding
 r - a +0 pair of boots
 t - a +0 helmet
Jewellery
 q - a ring of magical power (left claw)
 B - a +6 ring of strength (right claw)
Scrolls
 g - a scroll of immolation
 h - a scroll of enchant armour
 l - a scroll of teleportation
 F - a scroll of noise
 I - a scroll of blinking {unknown}
Potions
 e - a potion of haste
 j - a potion of degeneration {unknown}
 k - 3 potions of attraction
 n - a potion of flight {unknown}
 x - a potion of heal wounds {unknown}
 A - a potion of invisibility {unknown}
 G - 3 potions of cancellation
 H - a potion of brilliance {unknown}
 K - a potion of curing {unknown}


   Skills:
 + Level 4.1 Fighting
 + Level 5.5 Maces & Flails
 + Level 1.0 Throwing
 + Level 4.4 Dodging
 + Level 1.2 Stealth
 + Level 4.2 Shields


You had 7 spell levels left.
You didn't know any spells.
Your spell library contained the following spells:

 Spells                   Type           Power      Damage    Failure   Level
 Tukima's Dance           Hex            0%         N/A       98%         3
 Anguish                  Hex/Necr       0%         N/A       100%        4
 Enfeeble                 Hex            0%         N/A       100%        7


Dungeon Overview and Level Annotations

Branches:
Dungeon (5/15)             Temple (0/1) D:5         Ossuary (visited)

Altars:
Elyvilon
Nemelex Xobeh
Vehumet
Wu Jian

Shops:
D:4 *


Innate Abilities, Weirdness & Mutations

You are too large for most types of armour.
You have claws for hands.
Your natural rate of healing is unusually fast.
You are covered in fur. (AC +1)
You have tough skin. (AC +1)


Message History

You are no longer poisoned.
The water moccasin closely misses you. The water moccasin bites you.
* * * LOW HITPOINT WARNING * * *
You see here a +0 short sword.
The water moccasin bites you.
* * * LOW HITPOINT WARNING * * *
The water moccasin bites you!
* * * LOW HITPOINT WARNING * * *
You are poisoned.
The water moccasin poisons you!
You feel sick.
You feel sick. You block the water moccasin's attack.
You feel sick.
You feel sick.
You feel sick. You block the water moccasin's attack.
You feel sick.
You feel sick.
The water moccasin bites you but does no damage.
You feel sick.
You are no longer poisoned.
The water moccasin barely misses you. The water moccasin barely misses you.
The water moccasin bites you.
* * * LOW HITPOINT WARNING * * *
The water moccasin barely misses you. The water moccasin bites you.
* * * LOW HITPOINT WARNING * * *
The water moccasin bites you.
* * * LOW HITPOINT WARNING * * *
You are lethally poisoned!
The water moccasin poisons you!
You feel yourself speed up.
* * * LOW HITPOINT WARNING * * *
You feel very sick.
The water moccasin bites you but does no damage.
You barely miss the water moccasin.
The water moccasin is severely wounded.
You die...
Your body disappears without a glow.

###.########.........#....
#..........#.........#....
##########.#...รท.....#....
#.#.........#####
#####'#.........####
#........#.........#
#........#.........#
#........#.........#
#...@S...#.........#
#........#.........#
#........#.........#
###...####.........#
.#####...# #.........#
.........####.........#
.#####.............#####
#............).....
#.............#####


You could see a water moccasin.

Vanquished Creatures
  Menkaure (D:4)
  2 water moccasins
  Duvessa (D:5)
  An ogre (D:5)
  2 elf zombies (Ossuary)
  Dowan (D:5)
  A centaur zombie (Ossuary)
  A jelly (D:5)
  A centaur skeleton (D:5)
  A hound (D:5)
  A gnoll shaman (D:5)
  An orc wizard (D:5)
  3 hound zombies (Ossuary)
  3 mummies (Ossuary)
  3 gnolls (D:5)
  A howler monkey zombie (D:5)
  8 adders
  3 adder zombies (Ossuary)
  2 worms (D:4)
  3 dart slugs
  9 orcs
  7 bats
  6 endoplasms
  A giant cockroach (D:3)
  10 goblins
  11 hobgoblins
  3 jackals (D:3)
  7 kobolds
  3 quokkas
  3 ball pythons
  4 frilled lizards
  4 gnoll zombies (Ossuary)
  4 goblin zombies (Ossuary)
  6 hobgoblin zombies (Ossuary)
  2 jackal zombies (Ossuary)
  4 orc zombies (Ossuary)
  3 quokka zombies (Ossuary)
  3 rats
  2 rat zombies (Ossuary)
132 creatures vanquished.

Vanquished Creatures (others)
  2 plants (D:3)
2 creatures vanquished.

Grand Total: 134 creatures vanquished

Notes
Turn   | Place    | Note
-------+----------+-------------------------------------------
     0 | D:1      | issech the Troll Fighter began the quest for the Orb.
     0 | D:1      | Reached XP level 1. HP: 22/22 MP: 0/0
   182 | D:1      | Reached XP level 2. HP: 18/29 MP: 1/1
   287 | D:1      | Reached skill level 2 in Maces & Flails
   672 | D:2      | Reached XP level 3. HP: 24/36 MP: 2/2
  1189 | D:2      | Reached XP level 4. HP: 44/44 MP: 3/3
  1300 | D:2      | Found a faded altar of an unknown god.
  1941 | D:3      | Found an ornate altar of the Wu Jian Council.
  2019 | D:3      | Reached skill level 3 in Maces & Flails
  2229 | D:4      | Found Poq Ryt's Overcharged Wands.
  2295 | D:4      | Reached XP level 5. HP: 53/53 MP: 4/4
  2412 | D:4      | Found a sparkling altar of Nemelex Xobeh.
  2413 | D:4      | Found a white marble altar of Elyvilon.
  2498 | D:4      | Noticed a water moccasin
  2511 | D:4      | Killed a water moccasin
  2750 | D:4      | Found a sand-covered staircase.
  2758 | Ossuary  | Entered an ossuary
  2846 | Ossuary  | Reached XP level 6. HP: 61/61 MP: 5/5
  3091 | Ossuary  | Reached skill level 4 in Maces & Flails
  3166 | Ossuary  | Reached XP level 7. HP: 53/67 MP: 6/6
  3452 | D:5      | Entered Level 5 of the Dungeon
  3480 | D:5      | Noticed Menkaure
  3562 | D:4      | Became a worshipper of Nemelex Xobeh the Trickster
  3625 | D:4      | Killed Menkaure
  3690 | D:5      | Noticed Duvessa
  3690 | D:5      | Noticed Dowan
  3709 | D:5      | Killed Duvessa
  3710 | D:5      | Reached skill level 5 in Maces & Flails
  3722 | D:5      | Killed Dowan
  3723 | D:5      | Reached skill level 1 in Throwing
  3805 | D:5      | Found a staircase to the Ecumenical Temple.
  3826 | D:5      | Found a radiant altar of Vehumet.
  3832 | D:5      | Reached XP level 8. HP: 78/78 MP: 7/7
  3930 | D:5      | Reached skill level 1 in Stealth
  4102 | D:5      | HP: 3/78 [gnoll shaman (9)]
  4369 | D:5      | HP: 3/78 [poisoned by a water moccasin]
  4374 | D:5      | HP: 3/78 [poisoned by a water moccasin]
  4387 | D:5      | HP: 1/78 [poisoned by a water moccasin]
  4388 | D:5      | Succumbed to a water moccasin's poison

Illustrated notes

Levels and vault maps discovered:
D:1:      dpeg_arrival_round_b, layout_rooms, minmay_surrounded
D:2:      layout_rooms, hellmonk_ecumenical_altar_pennies_from_heaven,
          minmay_octomino_e4
D:3:      corexii_shack_village, layout_rooms,
          mainiacjoe_overflow_cross_hatched, serial_rivers,
          chequers_serial_rivers_small_a, chequers_serial_rivers_small_3,
          chequers_serial_rivers_micro_e, chequers_serial_rivers_marsh,
          kennysheep_doodads
D:4:      layout_gridville, mainiacjoe_overflow_divided_tiny,
          chequers_ossuary_entry_cave, st_stairs_11,
          nicolae_shop_overcharged_wands
D:5:      wad_river_or_something, layout_basic, mainiacjoe_overflow_brackets,
          minmay_temple_entry_sparse_star, uniq_duvessa, uniq_menkaure

Skill      XL: |  1  2  3  4  5  6  7  8 |
---------------+-------------------------+-----
Maces & Flails | 2 3 4 5 |  5.5
Dodging        | 3 4 |  4.4
Shields        | 3 4 |  4.2
Fighting       | 3 4 |  4.1
Throwing       | 1 |  1.0
Stealth        | 1 |  1.2

Action                   |  1- 3 |  4- 6 |  7- 9 || total
-------------------------+-------+-------+-------++-------
Melee: Flail             |   129 |   280 |   125 ||   534
Throw: Large rock        |       |     3 |     6 ||     9
  Use: Potion            |       |     1 |     3 ||     4
       Scroll            |       |       |     9 ||     9
Armor: Robe              |   107 |    97 |    35 ||   239
Dodge: Dodged            |    87 |   132 |    61 ||   280
Block: Kite shield       |    77 |   110 |    63 ||   250

Table legend: (Time is in decaauts)
 A = Elapsed time spent in this place.
 B = Non-inter-level travel time spent in this place.
 C = Inter-level travel time spent in this place.
 D = Time resting spent in this place.
 E = Time spent auto-exploring this place.
 F = Levels seen in this place.
 G = Mean time per level.
                   A        B        C        D        E       F      G
               +--------+--------+--------+--------+--------+-----+--------+
         Total |   4576 |   4576 |      0 |    100 |   1247 |   6 |  762.7 |
       Dungeon |   4036 |   4036 |      0 |    100 |   1247 |   5 |  807.2 |
       Ossuary |    539 |    539 |      0 |      0 |      0 |   1 |  539.0 |
               +--------+--------+--------+--------+--------+-----+--------+

Top non-repeatable levels by time:
     D:1: 878 daAuts
     D:4: 872 daAuts
     D:5: 820 daAuts
     D:3: 810 daAuts
     D:2: 654 daAuts
 Ossuary: 539 daAuts
